AoeStats
← Kant be real

African Clearing

510374709Analyzed
4v4 RM · 11h ago on Sep 30, 2026· 38m 41s· 8 players
Game mode
Random Map
Map size
Large (8 player)
Population
200
Speed
Normal
Resources
Standard
Victory
Conquest
Starting age
Dark Age
Ending age
Imperial Age
RankedLock teamsTeams togetherTeam positionsShared explorationLock speedFull tech treeHidden civsTurbo modeCheats
Victory
Defeat
🇫🇷 Lithuanians · France
1768
+10
🇫🇷 Romans · France
1685
+13
🇫🇷 Britons · France
1652
+14
🇫🇷 Danes · France
1502
+19
🇹🇼 Ethiopians · Taiwan
1723
-19
🇸🇪 Koreans · Sweden
1661
-16
🇦🇷 Bengalis · Argentina
1561
-12
🇳🇱 Teutons · Netherlands
1487
-9
xGusZx24
12:16 Feudal Age
12:20 Man-at-Arms
15:47 Double-Bit Axe
16:07 Loom
16:28 Fletching
24:36 Castle Age
24:41 Crossbowman
25:26 Thumb Ring
25:50 Bow Saw
25:53 Bodkin Arrow
28:11 Wheelbarrow
29:08 Town Watch
30:32 Ballistics
Kant be real
6:01 Loom
12:53 Feudal Age
13:28 Double-Bit Axe
14:35 Town Watch
16:04 Fletching
18:25 Wheelbarrow
22:15 Castle Age
21:58 Padded Archer Armor
22:25 Horse Collar
22:19 Crossbowman
22:55 Bodkin Arrow
24:05 Bow Saw
Window_of_Opportunity
3:47 Loom
12:45 Feudal Age
13:25 Double-Bit Axe
19:51 Castle Age
20:57 Bloodlines
20:54 Scale Barding Armor
22:19 Chain Barding Armor
24:08 Bow Saw
24:42 Horse Collar
29:38 Forging
30:06 Heavy Plow
31:34 Wheelbarrow
31:44 Iron Casting
33:42 Gold Mining
35:44 Man-at-Arms
36:10 Gambesons
36:26 Squires
36:27 Scale Mail Armor
36:40 Long Swordsman
[TNT] TW_RED
9:58 Loom
13:35 Feudal Age
17:28 Castle Age
15:46 Horse Collar
16:39 Town Watch
17:22 Double-Bit Axe
18:22 Bow Saw
21:08 Fletching
33:07 Wheelbarrow
38:21 Imperial Age
36:58 Hand Cart
Roronoa Yolo
7:36 Loom
13:26 Feudal Age
17:58 Castle Age
19:12 Fletching
21:08 Bodkin Arrow
26:28 Ballistics
26:35 Padded Archer Armor
29:16 Wheelbarrow
28:31 Double-Bit Axe
28:27 Horse Collar
28:59 Gold Mining
29:58 Leather Archer Armor
29:59 Heavy Plow
35:43 Imperial Age
39:11 Imperial Age
Hugo4774
11:08 Loom
13:22 Feudal Age
14:43 Double-Bit Axe
17:09 Castle Age
15:55 Town Watch
15:57 Horse Collar
19:47 Wheelbarrow
22:46 Horse Collar
24:39 Bow Saw
25:56 Heavy Plow
26:01 Town Watch
26:12 Fishing Lines
28:50 Hand Cart
29:18 Scale Mail Armor
29:29 Forging
29:20 Squires
31:28 Chain Mail Armor
31:49 Iron Casting
31:04 Elite Skirmisher
32:10 Fletching
32:21 Padded Archer Armor
33:16 Hamask
35:55 Arson
39:14 Imperial Age
37:04 Gold Mining
37:05 Stone Mining
37:15 Bodkin Arrow
37:35 Leather Archer Armor
37:42 Ballistics
guimbo
11:23 Loom
13:57 Feudal Age
18:06 Castle Age
18:28 Double-Bit Axe
28:36 Town Watch
33:23 Scale Barding Armor
Beauvéro
8:47 Loom
12:46 Feudal Age
15:31 Double-Bit Axe
16:54 Fletching
18:10 Padded Archer Armor
40:47 Castle Age
Connection lost

Rejoining the realm…

Still unreachable

The connection could not be restored.

Session expired

The server has moved on; the page needs a fresh start.